 Dungeon Crawl Stone Soup version 0.27.0-65-ge2af304b15 (webtiles) character file.

Game seed: 16609553175777424249

107240 pkoi the Black Belt (level 15, -5/115 (125) HPs)
             Began as a Grey Draconian Monk on Aug 18, 2021.
             Was a High Priest of Ru.
             Slain by a faun (12 damage)
             ... led by a satyr
             ... on level 3 of the Shoals.
             The game lasted 01:03:43 (41525 turns).

pkoi the Black Belt (Grey Draconian Monk)          Turns: 41525, Time: 01:03:44

HP:   -5/115 (125)  AC: 26    Str: 17    XL:     15   Next: 99%
MP:   24/24         EV: 22    Int: 18    God:    Ru [*****.]
Gold: 422           SH:  5    Dex: 15    Spells: 15/26 levels left

rFire    + . .     SeeInvis +     - Unarmed
rCold    + . .     Faith    .   (no shield)
rNeg     + . .     Spirit   .   (armour unavailable)
rPois    .         Reflect  +   L - +5 hat of Resilience {rN+ Str+3 Stlth+}
rElec    +         Harm     .   c - scarf {rC+ rF+}
rCorr    .         Rampage  .   H - +0 pair of gloves
Will     .....                  n - +1 pair of boots {Stlth+}
Stlth    ..........             m - amulet "Ofathrae" {Reflect Drain rElec Int+3 SH+5 SInv}
HPRegen  0.29/turn              y - +4 ring of evasion
MPRegen  0.19/turn              F - +4 ring of protection

@: lit by a corona, weak-willed, afraid, glowing, studying Spellcasting, drained
A: AC +14, amphibious, unfitting armour, frail 1, cold-blooded, no stealth,
inability to use devices, hated by all
a: Renounce Religion, Draw Out Power, Power Leap, Apocalypse


You were on level 3 of the Shoals.
You worshipped Ru.
Ru was extremely pleased with you.
You visited 5 branches of the dungeon, and saw 27 of its levels.
You visited 1 bazaar.

You collected 2684 gold pieces.
You spent 2262 gold pieces at shops.

Inventory:

Missiles
 e - 54 poisoned darts (quivered)
 g - 68 boomerangs
 z - 10 throwing nets
Armour
 c - a scarf of resistance (worn)
 n - a +1 pair of boots of stealth (worn)
 H - a +0 pair of gloves (worn)
 L - the +5 hat of Resilience (worn) {rN+ Str+3 Stlth+}
   (You found it on level 2 of the Lair of Beasts)

   Str:       It affects your strength (+3).
   rN:        It protects you from negative energy.
   Stlth:     It makes you more stealthy.
Jewellery
 h - a ring of flight
 i - an amulet of guardian spirit
 m - the amulet "Ofathrae" (around neck) {Reflect Drain rElec Int+3 SH+5 SInv}
   (You acquired it on level 1 of the Shoals)

   [amulet of reflection]

   It reflects blocked missile attacks.
   Int:       It affects your intelligence (+3).
   rElec:     It insulates you from electricity.
   SInv:      It lets you see invisible.
   Drain:     It drains your maximum health when unequipped.
   SH:        It affects your SH (+5).
 o - an amulet of magic regeneration
 w - a ring of see invisible
 y - a +4 ring of evasion (left hand)
 F - a +4 ring of protection (right hand)
Scrolls
 a - 10 scrolls of teleportation
 f - 16 scrolls of identify
 j - a scroll of silence
 k - a scroll of enchant weapon
 l - 3 scrolls of enchant armour
 q - a scroll of blinking
 E - 2 scrolls of fog
 K - 3 scrolls of fear
 M - 5 scrolls of amnesia
Potions
 b - 6 potions of cancellation
 d - 7 potions of curing
 p - a potion of ambrosia {unknown}
 r - 5 potions of brilliance
 u - 2 potions of flight
 B - 3 potions of berserk rage
 C - 4 potions of heal wounds
 G - a potion of magic
 I - 4 potions of haste
 J - a potion of invisibility


   Skills:
 - Level 14.5 Fighting
 - Level 4.0 Throwing
 - Level 12.3 Dodging
 + Level 16.7 Unarmed Combat
 + Level 6.0 Spellcasting
 + Level 9.4 Necromancy
 + Level 3.0 Transmutations
 + Level 11.4 Earth Magic


You had 15 spell levels left.
You knew the following spells:

 Your Spells              Type           Power      Damage    Failure   Level
a - Borgnjor's Vile Clut  Necr/Erth      21%        N/A       4%          5
b - Statue Form           Tmut/Erth      20%        N/A       67%         6

Your spell library contained the following spells:

 Spells                   Type           Power      Damage    Failure   Level
 Pain                     Necr           100%       1d9       1%          1
 Vampiric Draining        Necr           19%        2d8       1%          3
 Petrify                  Tmut/Erth      31%        N/A       6%          4
 Excruciating Wounds      Necr           19%        N/A       7%          5
 Corona                   Hex            5%         N/A       12%         1
 Foxfire                  Conj/Fire      20%        2x1d5     12%         1
 Shock                    Conj/Air       20%        1d4       12%         1
 Ensorcelled Hibernation  Hex/Ice        10%        N/A       19%         2
 Conjure Flame            Conj/Fire      5%         6-21      34%         3
 Dazzling Flash           Conj/Hex       10%        N/A       34%         3
 Inner Flame              Hex/Fire       5%         N/A       34%         3
 Lesser Beckoning         Tloc           2%         N/A       34%         3
 Swiftness                Air            5%         N/A       34%         3
 Iskenderun's Mystic Bla  Conj/Tloc      5%         2d3       75%         4
 Passage of Golubria      Tloc           N/A        N/A       75%         4
 Yara's Violent Unravell  Hex/Tmut       5%         3d4       87%         5
 Lightning Bolt           Conj/Air       2%         1d14      97%         5
 Manifold Assault         Tloc           5%         N/A       97%         5
 Metabolic Englaciation   Hex/Ice        2%         N/A       97%         5
 Dispersal                Tloc           2%         N/A       100%        6
 Starburst                Conj/Fire      2%         6d3       100%        6
 Orb of Destruction       Conj           2%         9d1       100%        7
 Disjunction              Tloc           2%         N/A       100%        8
 Animate Skeleton         Necr           Unusable   N/A       N/A         1
 Animate Dead             Necr           Unusable   N/A       N/A         4
 Summon Guardian Golem    Hex/Summ       Unusable   N/A       N/A         3
 Tukima's Dance           Hex            Unusable   N/A       N/A         3
 Death Channel            Necr           Unusable   N/A       N/A         6
 Haunt                    Necr/Summ      Unusable   N/A       N/A         7
 Spellforged Servitor     Conj/Summ      Unusable   N/A       N/A         7

Dungeon Overview and Level Annotations

Branches:
Dungeon (15/15)            Temple (1/1) D:5            Lair (6/6) D:11
 Shoals (3/4) Lair:2        Snake (0/4) Lair:3        Slime (0/5) Lair:6
    Orc (2/2) D:12            Elf (0/3) Orc:2        Vaults (0/5) D:14
 Depths (0/5) D:15

Altars:
Ashenzari
Cheibriados
Dithmenos
Elyvilon
Fedhas
Gozag
Hepliaklqana
Kikubaaqudgha
Makhleb
Nemelex Xobeh
Okawaru
Qazlal
Ru
Sif Muna
Trog
Uskayaw
Vehumet
Wu Jian
Xom
Yredelemnul
Zin
The Shining One
Beogh
Jiyva

Shops:
D:14 [   Orc:2 [**?

Portals:
Abyss: Lair:3

Annotations:
D:7 4 runed translucent doors
Lair:1 2 transporters, nxtlvl's ghost, journeyman HuGl
Lair:2 5 runed translucent doors, exclusions: door and oklob plant
Lair:3 2 transporters, Deed's ghost, journeyman MiFi


Innate Abilities, Weirdness & Mutations

Your dull iron-grey scales are very hard. (AC +14)
You are amphibious.
You cannot fit into any form of body armour.
You are frail. (-10% HP)
You are cold-blooded and may be slowed by cold attacks.
You cannot be stealthy.
You cannot study or use magical devices.
You are hated by all.


Message History

The faun shoots a sling bullet.
The sling bullet misses you.
You redirect the faun's attack!
The satyr shoots an arrow.
The arrow hits you but does no damage.
You closely miss the water nymph. You punch the water nymph!
The water nymph is severely wounded.
The water nymph gestures at you while chanting.
The water swirls and strikes you!!
The faun begins to cast a spell, but is stunned by your conviction!
The satyr shoots an arrow.
The arrow hits you.
You focus your inner power and illuminate the satyr in retribution!
The faun is stunned by your conviction and fails to attack.
You pummel the water nymph!!
You kill the water nymph!
A cyclops comes into view.
The satyr shoots an arrow.
The arrow hits you but does no damage.
The faun unwields a +0 spear.
The faun wields a +0 hunting sling.
The faun shoots a sling bullet.
The sling bullet misses you.
The cyclops shouts!
The faun begins to cast a spell, but is stunned by your conviction!
The faun unwields a +0 hunting sling.
The faun wields a +0 club.
You block the faun's attack.
The satyr plays a lulling melody on his pipes!
You fall asleep.
The faun points at you and mumbles some strange words.
You are outlined in light.
The faun barely misses you.
The satyr is stunned by your conviction and fails to attack.
The faun unwields a +0 hunting sling.
The faun wields a +0 spear.
The faun hits you with a +0 spear!!!
You wake up.
* * * LOW HITPOINT WARNING * * *
The faun unwields a +0 hunting sling.
The faun wields a +0 quarterstaff.
The faun completely misses you.
The faun is stunned by your conviction and fails to attack.
The satyr shoots an arrow.
The arrow hits you!!
* * * LOW HITPOINT WARNING * * *
You focus your inner power and blind the satyr in retribution!
The cyclops is stunned by your conviction and fails to attack.
The faun shoots a stone.
The stone misses you.
The faun is stunned by your conviction and fails to attack.
The faun hits you from afar with a +0 spear!
You die...

...≈≈≈≈≈≈≈≈...
≈≈≈≈≈...≈≈..# ≈
≈≈≈≈≈..≈..# ≈≈
≈≈≈≈≈≈≈C## ≈≈≈
..≈≈≈≈..# ≈≈≈≈
..≈≈≈≈.## ≈≈≈≈≈
#..≈≈..(#
≈≈≈≈≈.##@c..≈.##
≈≈≈≈......)≈≈..#
≈≈≈≈≈.).cccc...#
≈≈≈≈≈............
≈≈≈≈≈..≈.≈..)..≈.
≈≈≈≈..≈≈≈≈.#...≈≈
≈≈≈.......##...≈≈
≈≈≈≈≈≈..### ..≈≈
≈≈≈≈≈≈≈.# ...≈


You could see a satyr (scary, blind, corona), 4 fauns and a cyclops.

Vanquished Creatures
  A titan (Shoals:1)
  A kraken (Shoals:1)
  Gastronok (D:12)
  Kirke (D:13)
  A frost giant (Shoals:1)
  2 orc warlords
  Nessos (Lair:6)
  Snorg (Orc:1)
  Josephine (D:11)
  Harold (D:8)
  5 hydras
  A vault guard (D:14)
  3 merfolk impalers
  3 boulder beetles
  4 centaur warriors
  2 merfolk avatars
  5 two-headed ogres
  3 death yaks
  A tengu warrior (D:15)
  2 orc high priests (Orc:1)
  The ghost of SnakkuSnakku7 the Spear-Bearer, a novice MiMo of Okawaru (D:8)
  6 sea snakes
  14 harpies
  A deep elf pyromancer (D:14)
  8 orc knights
  4 ugly things
  3 orc sorcerers
  9 manticores
  6 fauns
  6 elephants
  4 cyclopes
  7 black mambas
  2 merfolk sirens
  A gargoyle (D:10)
  4 water nymphs
  An unseen horror (D:11)
  10 cane toads
  6 rime drakes
  2 kobold demonologists (D:12)
  A freezing wraith (D:15)
  8 komodo dragons
  4 yaktaurs (D:15)
  2 tengu conjurers (D:13)
  2 jumping spiders (Lair:2)
  12 merfolk
  3 meliai (D:13)
  5 trolls
  5 polar bears
  A hornet (D:9)
  2 wind drakes
  25 blink frogs
  9 slime creatures
  3 snapping turtles
  3 dream sheep
  2 vampires
  A redback (Lair:2)
  A spriggan (shapeshifter) (D:14)
  2 shadows
  5 wyverns
  4 wraiths
  Sigmund (D:5)
  5 hogs (D:13)
  2 water elementals
  31 yaks
  7 basilisks
  4 steam dragons
  Edmund (D:3)
  6 wargs
  2 nagas (Lair:3)
  12 water moccasins
  58 orc warriors
  2 black bears
  2 ice beasts
  2 necrophages
  20 centaurs
  12 wolves
  3 ogres
  A phantom (D:5)
  2 kobold brigands
  15 bullfrogs
  2 scorpions
  4 gnoll sergeants
  A hornet simulacrum (D:15)
  3 killer bees (D:10)
  3 howler monkeys
  8 wights
  8 electric eels
  7 crimson imps
  A centaur zombie (D:10)
  2 hounds
  3 jellies
  22 orc priests
  5 iguanas
  16 orc wizards
  Terence (D:2)
  A howler monkey zombie (D:9)
  6 adders
  24 gnolls
  3 shadow imps (D:6)
  5 white imps (D:8)
  An ufetubus (D:7)
  An adder zombie (D:5)
  A worm (D:2)
  5 dart slugs
  73 orcs
  3 endoplasms
  4 giant cockroaches
  6 goblins
  11 hobgoblins
  7 jackals (D:4)
  3 quokkas
  10 ball pythons
  5 bats
  6 frilled lizards
  13 kobolds
  8 rats
705 creatures vanquished.

Vanquished Creatures (others)
  A tengu warrior (D:14)
  An orc knight (Orc:1)
  3 manticores
  A troll (Orc:2)
  3 dream sheep (Lair:6)
  A wyvern (Lair:5)
  2 orc wizards
  An adder (D:3)
  4 orcs
  2 bushes (Lair:6)
  32 fungi
  81 plants
  38 tentacles (Shoals:1)
  12 withered plants (D:15)
182 creatures vanquished.

Grand Total: 887 creatures vanquished

Notes
Turn   | Place    | Note
-------+----------+-------------------------------------------
     0 | D:1      | pkoi the Draconian Monk began the quest for the Orb.
     0 | D:1      | Reached XP level 1. HP: 19/19 MP: 1/1
   137 | D:1      | Found a faded altar of an unknown god.
   206 | D:1      | Reached XP level 2. HP: 25/26 MP: 2/2
   995 | D:2      | Noticed Terence
  1007 | D:2      | Found a sacrificial altar of Ru.
  1011 | D:2      | Became a worshipper of Ru the Awakened
  1037 | D:2      | Gained mutation: You are hated by all. [Ru sacrifice]
  1037 | D:2      | Reached * piety under Ru
  1094 | D:2      | Reached skill level 4 in Unarmed Combat
  1147 | D:2      | Reached XP level 3. HP: 23/31 MP: 3/3
  1353 | D:2      | Got the Catalogue of the Doomed Voyage
  1623 | D:2      | Reached XP level 4. HP: 38/38 MP: 4/4
  1635 | D:2      | Reached skill level 5 in Unarmed Combat
  2717 | D:3      | Found a glowing silver altar of Zin.
  2975 | D:3      | Reached XP level 5. HP: 28/45 MP: 5/5
  3932 | D:4      | Noticed Edmund
  3976 | D:3      | Killed Edmund
  3977 | D:3      | Reached skill level 6 in Unarmed Combat
  3977 | D:3      | Reached XP level 6. HP: 9/52 MP: 1/6
  4388 | D:3      | HP: 2/52 [orc priest/divine providence (5)]
  4893 | D:2      | Killed Terence
  5455 | D:4      | Found a stormy altar of Qazlal.
  5458 | D:4      | Found a snail-covered altar of Cheibriados.
  5811 | D:4      | Noticed a water moccasin
  5831 | D:4      | Killed a water moccasin
  5832 | D:4      | Reached skill level 7 in Unarmed Combat
  5832 | D:4      | Your scales start taking on a dull iron-grey colour.
  5832 | D:4      | Reached XP level 7. HP: 23/60 MP: 7/7
  6220 | D:4      | Got Sif Muna's Incunabulum of Warped Weightlessness
  6264 | D:4      | Found a burning altar of Makhleb.
  6264 | D:4      | Found a radiant altar of Vehumet.
  6655 | D:5      | Entered Level 5 of the Dungeon
  6669 | D:5      | Found a hide-covered altar of Uskayaw.
  6822 | D:5      | Noticed Sigmund
  6858 | D:4      | Reached skill level 8 in Unarmed Combat
  6952 | D:4      | Reached XP level 8. HP: 61/67 MP: 8/8
  7008 | D:4      | Reached skill level 5 in Dodging
  7072 | D:5      | Killed Sigmund
  7329 | D:5      | Reached skill level 9 in Unarmed Combat
  7415 | D:5      | Found a staircase to the Ecumenical Temple.
  7483 | D:5      | Found a sacrificial altar of Ru.
  7839 | D:5      | Found a glowing golden altar of the Shining One.
  7902 | D:5      | Identified a scroll of acquirement
  7902 | D:5      | Acquired a manual of Fighting
  7956 | Temple   | Entered the Ecumenical Temple
  8356 | D:5      | Reached skill level 5 in Fighting
  9174 | D:6      | Reached XP level 9. HP: 71/74 MP: 9/9
 10034 | D:7      | Reached skill level 10 in Unarmed Combat
 10119 | D:7      | Found a broken altar of Ashenzari.
 10637 | D:7      | Found a huge runed translucent gate.
 10638 | D:7      | Found a huge runed translucent gate.
 10638 | D:7      | Noticed a polar bear
 10639 | D:7      | Found a huge runed translucent gate.
 10639 | D:7      | Noticed a death yak
 10639 | D:7      | Noticed a polar bear
 10640 | D:7      | Found a huge runed translucent gate.
 10640 | D:7      | Noticed a polar bear
 10653 | D:7      | Reached skill level 1 in Evocations
 11190 | D:8      | Reached skill level 11 in Unarmed Combat
 11354 | D:8      | Reached XP level 10. HP: 75/90 MP: 10/10
 11511 | D:8      | Found a large runed translucent door.
 11511 | D:8      | Found a large runed translucent door.
 11632 | D:8      | Found a runed translucent gate.
 11633 | D:8      | Found a runed translucent gate.
 11633 | D:8      | Found a runed translucent gate.
 11633 | D:8      | Noticed SnakkuSnakku7's ghost (novice MiMo)
 11641 | D:8      | Noticed a centaur warrior
 11646 | D:8      | Noticed a seven-headed hydra
 13649 | D:8      | Found an iron altar of Okawaru.
 13814 | D:9      | Reached skill level 10 in Fighting
 13922 | D:9      | Noticed a two-headed ogre
 13933 | D:9      | Killed a two-headed ogre
 13934 | D:9      | Reached skill level 1 in Throwing
 13934 | D:9      | Reached skill level 12 in Unarmed Combat
 14139 | D:9      | Noticed Harold
 14186 | D:8      | Killed Harold
 14687 | D:9      | Reached XP level 11. HP: 97/101 MP: 11/11
 14706 | D:10     | Entered Level 10 of the Dungeon
 15245 | D:10     | Noticed a two-headed ogre
 15255 | D:10     | Killed a two-headed ogre
 15459 | D:10     | Identified the +5 scimitar of Day {vorpal, rC+}
 15498 | D:10     | Gained mutation: You are frail. (-10% HP) [Ru sacrifice]
 15498 | D:10     | Reached ** piety under Ru
 15498 | D:10     | Reached *** piety under Ru
 15961 | D:11     | Identified the +5 war axe of Causality {vorpal, rF++}
 16108 | D:11     | Found a staircase to the Lair.
 16370 | D:11     | Noticed a two-headed ogre
 16378 | D:11     | Killed a two-headed ogre
 16655 | D:11     | Reached skill level 13 in Unarmed Combat
 16708 | D:11     | Noticed Josephine
 16725 | D:11     | Killed Josephine
 17819 | D:12     | Noticed a soul eater
 17825 | D:12     | Noticed a purple ugly thing
 18103 | Lair:1   | Entered Level 1 of the Lair of Beasts
 18103 | Lair:1   | Found a transporter.
 18589 | Lair:1   | Found a transporter.
 18592 | Lair:1   | Noticed nxtlvl's ghost (journeyman HuGl)
 18612 | Lair:1   | Identified the +7 trident of Winter {drain, Str+5}
 18845 | Lair:1   | Gained mutation: You cannot study or use magical devices.
                  | [Ru sacrifice]
 18845 | Lair:1   | Reached **** piety under Ru
 18845 | Lair:1   | Reached ***** piety under Ru
 19070 | Lair:1   | Reached XP level 12. HP: 85/101 MP: 12/12
 19807 | Lair:2   | Found a staircase to the Shoals.
 19827 | Lair:2   | Reached skill level 14 in Unarmed Combat
 20060 | Lair:2   | Found a runed translucent door.
 20095 | Lair:2   | Identified the +5 hat of Resilience {rN+ Str+3 Stlth+}
 20119 | Lair:2   | Found a runed translucent gate.
 20119 | Lair:2   | Found a runed translucent gate.
 20119 | Lair:2   | Found a runed translucent gate.
 20119 | Lair:2   | Found a runed translucent gate.
 20119 | Lair:2   | Noticed a boulder beetle
 20120 | Lair:2   | Found a runed translucent gate.
 20423 | Lair:3   | Found a transporter.
 20430 | Lair:3   | Noticed Deed's ghost (journeyman MiFi)
 20430 | Lair:3   | Noticed a two-headed ogre
 20458 | Lair:3   | Found a staircase to the Snake Pit.
 21088 | Lair:3   | Noticed an ice dragon
 21092 | Lair:3   | Found a one-way gate to the infinite horrors of the Abyss.
 21240 | Lair:3   | Identified the +6 quarterstaff of Penishu {pain, *Slow rC++
                  | rN++}
 21455 | Lair:3   | Found a transporter.
 21558 | Lair:4   | Noticed a six-headed hydra
 21613 | Lair:3   | Learned a level 5 spell: Borgnjor's Vile Clutch
 21622 | Lair:4   | Killed a six-headed hydra
 21897 | Lair:4   | Reached skill level 1 in Necromancy
 21897 | Lair:4   | Reached skill level 1 in Earth Magic
 21914 | Lair:4   | Reached skill level 1 in Spellcasting
 22334 | Lair:4   | You fall into a shaft and drop 2 floors!
 22334 | Lair:6   | Entered Level 6 of the Lair of Beasts
 22621 | Lair:5   | Reached skill level 10 in Dodging
 22704 | Lair:5   | Noticed a boulder beetle
 22718 | Lair:5   | Killed a boulder beetle
 23928 | Lair:6   | Reached XP level 13. HP: 109/109 MP: 16/16
 24367 | Lair:6   | Noticed Nessos
 24398 | Lair:6   | Killed Nessos
 24428 | Lair:6   | Reached skill level 5 in Stealth
 24891 | Lair:5   | Reached skill level 5 in Earth Magic
 25029 | Lair:6   | Reached skill level 15 in Unarmed Combat
 25305 | Lair:6   | Found a staircase to the Slime Pits.
 25511 | Lair:5   | Reached skill level 5 in Necromancy
 26632 | Lair:6   | Reached XP level 14. HP: 116/116 MP: 20/20
 26728 | Lair:6   | Gained mutation: You cannot be stealthy. [Ru sacrifice]
 27079 | D:12     | Found a staircase to the Orcish Mines.
 27106 | D:12     | Noticed Gastronok
 27120 | D:12     | Killed Gastronok
 27751 | Orc:1    | Entered Level 1 of the Orcish Mines
 28136 | Orc:1    | Noticed an orc warlord
 28184 | Orc:1    | Killed an orc warlord
 29176 | Orc:2    | Entered Level 2 of the Orcish Mines
 29301 | Orc:1    | Noticed an orc warlord
 29421 | Orc:2    | Killed an orc warlord
 29436 | Orc:2    | Noticed Snorg
 30075 | Orc:1    | Killed Snorg
 30446 | D:13     | Noticed Kirke
 30456 | D:13     | Noticed a sphinx
 30478 | D:13     | Killed Kirke
 32281 | Shoals:1 | Entered Level 1 of the Shoals
 32287 | Shoals:1 | Reached skill level 16 in Unarmed Combat
 32477 | Shoals:1 | Acquired the amulet "Ofathrae" {Reflect Drain rElec Int+3
                  | SH+5 SInv}
 32760 | Shoals:1 | Noticed a kraken
 33093 | Shoals:1 | Killed a kraken
 33340 | Shoals:1 | Reached XP level 15. HP: 121/123 MP: 21/21
 33709 | Shoals:1 | Reached skill level 10 in Earth Magic
 34127 | Shoals:1 | Noticed a frost giant
 34144 | Shoals:1 | Killed a frost giant
 34385 | Shoals:1 | Noticed a titan
 34416 | Shoals:1 | Killed a titan
 34849 | Lair:2   | Identified the +11 rapier of Distant Worlds {vorpal,
                  | Fragile rElec rPois}
 35131 | D:8      | Killed SnakkuSnakku7's ghost
 35170 | D:8      | Acquired a +1 pair of boots of stealth
 36642 | Orc:2    | Found Fiakoor's General Store.
 36642 | Orc:2    | Found Saeno's Assorted Antiques.
 36642 | Orc:2    | Found Ymear's Antique Armour Shoppe.
 36645 | Orc:2    | Found Obumip Qapt's Magic Scroll Boutique.
 36650 | Orc:2    | Bought a scroll of teleportation for 96 gold pieces
 36652 | Orc:2    | Bought a pair of embroidered boots for 262 gold pieces
 36658 | Orc:2    | Bought a scroll of teleportation for 48 gold pieces
 36711 | Orc:2    | Found a staircase to the Elven Halls.
 37145 | D:14     | Found a radiant altar of Vehumet.
 37533 | D:14     | Found a gate to the Vaults.
 37719 | D:14     | Found Nauchoss's Antique Armour Shop.
 38128 | D:15     | Entered Level 15 of the Dungeon
 38165 | D:15     | Found a shimmering altar of Xom.
 38165 | D:15     | Found a shimmering altar of Xom.
 38166 | D:15     | Found a flickering gateway to a bazaar.
 38166 | D:15     | Found a shimmering altar of Xom.
 38166 | D:15     | Found a shimmering altar of Xom.
 38175 | Bazaar   | Entered a bazaar
 38177 | Bazaar   | Found Famm's Distillery.
 38181 | Bazaar   | Found Muthuq's Weapon Boutique.
 38181 | Bazaar   | Found Typnas Hell's Book Boutique.
 38182 | Bazaar   | Found Usiruoth's Antique Armour Boutique.
 38197 | Bazaar   | Upgraded the game from 0.27.0-1-g7a089689b8 to
                  | 0.27.0-65-ge2af304b15
 38213 | Bazaar   | Bought a book of Sloth for 576 gold pieces
 38213 | Bazaar   | Bought a manual of Spellcasting for 1280 gold pieces
 38270 | D:15     | Learned a level 6 spell: Statue Form
 38393 | D:15     | Reached skill level 1 in Transmutations
 39120 | Shoals:2 | Reached skill level 5 in Spellcasting
 41525 | Shoals:3 | Slain by a faun

Illustrated notes

Levels and vault maps discovered:
D:1:      dpeg_arrival_three_same_balls, layout_loops_ring,
          basic_ecumenical_altar, minmay_misc_feat_x
D:2:      minmay_razor_zed, layout_basic, basic_altar, uniq_terence
D:3:      layout_loops_ring, mainiacjoe_overflow_concentric_impassable,
          minmay_shallow_snake_nest
D:4:      kennysheep_six_static_rooms, layout_basic,
          grunt_temple_overflow_lords_of_destruction, amcnicky_altar_gilded,
          grunt_qazlal_sundering, hangedman_abyss_or_decor_stagger,
          kennysheep_another_room, hangedman_decor_push,
          minmay_misc_feat_plants, due_unseen_surprise, uniq_edmund
D:5:      layout_basic, general_overflow_altar, nicolae_ru_sacrificial_ziggurat,
          mainiacjoe_overflow_large_starburst, minmay_temple_entry_ruins,
          hangedman_decor_opposing, uniq_sigmund
D:6:      layout_basic, lemuel_round_altar
D:7:      lemuel_bear_cage, layout_loops_ring,
          mainiacjoe_overflow_small_starburst, hangedman_decor_clover_reticule
D:8:      layout_layer_cave, jmf_multi_god_temple2, gammafunk_ghost_split,
          eino_curves_03, minmay_nine_imps
D:9:      layout_roguey, uniq_harold
D:10:     layout_basic, corexii_leaking_fountain, amcnicky_mini_pool_small
D:11:     layout_long_grid, lair_entry_dummy, uniq_josephine
D:12:     layout_basic, david_orc_5, uniq_gastronok
D:13:     layout_basic, serial_bayou_lake_a, uniq_kirke
D:14:     layout_loops_ring, david_vaults_5, serial_shops, kennysheep_mini_moat,
          nicolae_vehumet_radiance
D:15:     gammafunk_depths_entry_grave, layout_rooms, xom_redecorated,
          serial_shops, bzr_in_the_mist
Temple:   compressed_dpeg_triangle_lava_temple
Lair:1:   layout_loops_ring, gammafunk_ghost_arena, serial_bayou_shore_a
Lair:2:   gammafunk_indiana_jones, layout_regular_city,
          minmay_shoals_entry_beasts, serial_bayou_ford_a, tgw_fedhas
Lair:3:   layout_concentric_octagons, guppyfry_snake_entry_island,
          gammafunk_ghost_abyssal_escape, infiniplex_staircase_pool_2
Lair:4:   layout_regular_city
Lair:5:   layout_cave_pods
Lair:6:   gammafunk_lair_ancient_temple, layout_regular_city,
          dpeg_slime_entry_enclosed_altar, uniq_nessos
Shoals:1: cheibrodos_shoals_gigantism, layout_shoals
Shoals:2: layout_shoals, nicolae_shoals_hidden_pirate_stash
Shoals:3: layout_shoals, serial_shops, nicolae_shop_behind_doors
Orc:1:    orc_temple, layout_caves
Orc:2:    st_orc_rangers, layout_caves, uniq_snorg

Skill      XL: |  1  2  3  4  5  6  7  8  9 10 11 12 13 14 15 |
---------------+----------------------------------------------+-----
Unarmed Combat | 4 5 6 7 8 9 11 12 13 14 15 16 | 16.7
Dodging        | 3 4 6 8 9 10 11 12 | 12.3
Fighting       | 4 6 8 10 12 13 14 | 14.5
Stealth        | 3 4 6 0 |  0.0
Evocations     | 2 0 |  0.0
Throwing       | 2 4 |  4.0
Necromancy     | 2 5 7 9 |  9.4
Earth Magic    | 3 6 9 11 | 11.4
Spellcasting   | 2 4 6 |  6.0
Transmutations | 3 |  3.0

Action                   |  1- 3 |  4- 6 |  7- 9 | 10-12 | 13-15 || total
-------------------------+-------+-------+-------+-------+-------++-------
Melee: Unarmed           |   120 |   187 |   355 |   747 |  1574 ||  2983
       Tailslap          |    15 |    13 |    62 |   147 |   258 ||   495
       Punch             |     2 |     4 |    25 |    58 |   147 ||   236
Throw: Dart              |       |    26 |    18 |    38 |    86 ||   168
 Cast: Borgnjor's Vile C |       |       |       |       |    30 ||    30
Invok: Sacrifice Love    |     1 |       |       |       |       ||     1
       Reject Sacrifices |       |       |     1 |       |     2 ||     3
       Sacrifice Health  |       |       |       |     1 |       ||     1
       Sacrifice Artific |       |       |       |     1 |       ||     1
       Apocalypse        |       |       |       |       |     6 ||     6
       Sacrifice Stealth |       |       |       |       |     1 ||     1
  Use: Scroll            |     3 |     4 |     6 |    14 |     4 ||    31
       Potion            |       |     1 |       |       |     2 ||     3
 Stab: Sleeping          |     6 |     5 |     6 |    10 |     3 ||    30
       Distracted        |       |     1 |       |     3 |    17 ||    21
       Invisible         |       |       |       |     9 |    14 ||    23
       Paralysed         |       |       |       |       |    20 ||    20
Armor: Skin              |    41 |    35 |   127 |   226 |   531 ||   960
Dodge: Dodged            |    65 |    82 |   269 |   505 |  1478 ||  2399
Block: Other             |       |       |       |       |   131 ||   131
       Reflection        |       |       |       |       |    17 ||    17
